 Dungeon Crawl Stone Soup version 0.19.1-1-g22dce08 (webtiles) character file.

1169 McKennaii the Gusty (level 8, -2/48 HPs)
             Began as a High Elf Air Elementalist on Jan 10, 2017.
             Slain by a water moccasin (7 damage)
             ... on level 6 of the Dungeon.
             The game lasted 00:12:00 (4697 turns).

McKennaii the Gusty (High Elf Air Elementalist)     Turns: 4697, Time: 00:12:01

Health: -2/48      AC:  3    Str:  7    XL:     8   Next: 17%
Magic:  0/18       EV: 13    Int: 21    God:
Gold:   187        SH:  0    Dex: 16    Spells: 5 memorised, 6 levels left

rFire  . . .     SeeInvis .     v - +0 falchion
rCold  . . .     Gourm    .     a - +0 robe
rNeg   . . .     Faith    .     (no shield)
rPois  .         Spirit   .     (no helmet)
rElec  .         Reflect  .     (no cloak)
rCorr  .         Harm     .     (no gloves)
MR     .....                    r - +0 pair of boots
Stlth  ++........               (no amulet)
                                (no ring)
                                (no ring)

@: lethally poisoned (-2 -> -11), swift, repel missiles, very quick
A: no striking features
a: no special abilities


You were on level 6 of the Dungeon.
You were not hungry.

You visited 1 branch of the dungeon, and saw 6 of its levels.

You collected 271 gold pieces.
You spent 84 gold pieces at shops.

Inventory:

Hand Weapons
 v - a +0 falchion (weapon)
Armour
 a - a +0 robe (worn)
 r - a +0 pair of boots (worn)
Jewellery
 w - an uncursed ring of flight {unknown}
Scrolls
 e - a scroll of teleportation
 g - 4 scrolls of identify
 h - 3 scrolls of remove curse
 i - 2 scrolls of noise {unknown}
 k - 2 scrolls of magic mapping {unknown}
 m - 2 scrolls of amnesia {unknown}
 q - a scroll of random uselessness {unknown}
 s - 2 scrolls of enchant armour {unknown}
 t - 4 scrolls of recharging {unknown}
Potions
 d - a potion of berserk rage
 f - a potion of heal wounds {unknown}
 j - 2 potions of mutation {unknown}
 l - 3 potions of curing
 n - 2 potions of cure mutation {unknown}
 p - a potion of might {unknown}
 u - a potion of brilliance {unknown}
Books
 b - a book of Air

   Spells                             Type                      Level
   a - Shock                          Conjuration/Air              1
   b - Swiftness                      Charms/Air                   2
   c - Repel Missiles                 Charms/Air                   2
   d - Static Discharge               Conjuration/Air              3
   e - Lightning Bolt                 Conjuration/Air              5
Comestibles
 c - 2 bread rations
 o - 2 meat rations


   Skills:
 + Level 1.0 Fighting
 + Level 1.9 Long Blades
 + Level 3.1 Dodging
 + Level 3.3 Stealth
 + Level 6.2 Spellcasting
 + Level 5.1 Conjurations
 + Level 7.5 Air Magic


You had 6 spell levels left.
You knew the following spells:

 Your Spells              Type           Power        Failure   Level  Hunger
a - Shock                 Conj/Air       ####         1%          1    None
b - Swiftness             Chrm/Air       ###.....     3%          2    None
c - Repel Missiles        Chrm/Air       ###...       3%          2    None
d - Static Discharge      Conj/Air       ####....     2%          3    #......
e - Lightning Bolt        Conj/Air       ####......   24%         5    #####..


Dungeon Overview and Level Annotations

Branches:
Dungeon (6/15)
 Temple: D:4-7

Altars:
Fedhas
Gozag
Hepliaklqana
Kikubaaqudgha
Nemelex Xobeh
Okawaru
Xom
Yredelemnul

Shops:
D:5 =   D:6 %:}!%

Annotations:
D:6 2 runed doors


Message History

The water moccasin bites you but does no damage.
The water moccasin bites you.
Casting: Shock
Confirm with . or Enter, or press ? or * to list all spells.
You don't have enough magic to cast that spell.
You feel sick.
Casting: Shock
Confirm with . or Enter, or press ? or * to list all spells.
You don't have enough magic to cast that spell.
You feel sick. The water moccasin barely misses you.
Casting: Shock
Confirm with . or Enter, or press ? or * to list all spells.
You feel quick.
You feel sick. The water moccasin bites you.
* * * LOW HITPOINT WARNING * * *
* * * LOW HITPOINT WARNING * * *
You feel sick.
There is a stone staircase leading up here.
* * * LOW HITPOINT WARNING * * *
You feel sick. The water moccasin bites you!
You die...

#..#..?S#)#....#..#..#.#># #
#..#S...#(#....#..##.#.#.####
#..#....†a†....#..##.#...##..
#..##...#†#...##..##.#.###...
#...###.#a#.###...##.#..#....
#.....###.###...........#.8._
##.........S............#....
###.......S...>####....##...
####...##@##.# ###...##..
#############.##..#.#
####.###
.................#..# #.#
.############..##.#(# ##.##
.# #..##.#.########...# .#
#..##............#.#
.#########
#..####.########...#
.........####..####.# ##.##
.#######..##......#.# ###.#


You could see a soldier ant, a water moccasin and an adder.

Vanquished Creatures
  The ghost of McKennaii the Gusty, an amateur HEAE of Sif Muna (D:4)
  A soldier ant (D:6)
  2 ogres
  2 bullfrogs (D:6)
  A scorpion (D:4)
  A howler monkey (D:4)
  A crimson imp (D:4)
  A bullfrog zombie (D:6)
  An orc priest (D:3)
  2 jellies
  An orc wizard (D:5)
  Ijyb (D:2)
  An iguana (D:6)
  7 worker ants (D:6)
  7 adders
  3 worms
  3 dart slugs
  A leopard gecko (D:2)
  10 orcs
  3 bat zombies (D:4)
  3 giant cockroaches
  7 goblins
  8 hobgoblins
  3 jackals (D:5)
  A quokka (D:6)
  9 bats
  5 frilled lizards
  7 kobolds
  9 rats
  A rat zombie (D:4)
  A plant (D:1)
  A toadstool (D:1)
105 creatures vanquished.

Vanquished Creatures (others)
  3 toadstools (D:1)
3 creatures vanquished.

Grand Total: 108 creatures vanquished

Notes
Turn   | Place    | Note
-------+----------+-------------------------------------------
     0 | D:1      | McKennaii the High Elf Air Elementalist began the quest for the Orb.
     0 | D:1      | Reached XP level 1. HP: 11/11 MP: 4/4
   111 | D:1      | Reached skill level 4 in Air Magic
   119 | D:1      | Reached XP level 2. HP: 17/17 MP: 0/6
  1048 | D:2      | Reached XP level 3. HP: 21/21 MP: 2/8
  1220 | D:2      | Noticed Ijyb
  1271 | D:2      | Killed Ijyb
  1286 | D:2      | Reached XP level 4. HP: 26/27 MP: 0/9
  1698 | D:3      | Found a shimmering altar of Xom.
  1941 | D:3      | Found a blossoming altar of Fedhas.
  1987 | D:3      | Reached XP level 5. HP: 31/31 MP: 7/11
  2227 | D:3      | Reached skill level 5 in Air Magic
  2417 | D:4      | Noticed McKennaii's ghost (amateur HEAE)
  2425 | D:4      | Killed McKennaii's ghost
  2429 | D:4      | Learned a level 2 spell: Swiftness
  2432 | D:4      | Learned a level 2 spell: Repel Missiles
  2439 | D:4      | Learned a level 3 spell: Static Discharge
  2471 | D:4      | Learned a level 5 spell: Lightning Bolt
  2581 | D:4      | Found an iron altar of Okawaru.
  2581 | D:4      | Found a basalt altar of Yredelemnul.
  2617 | D:4      | Reached XP level 6. HP: 32/36 MP: 7/13
  2842 | D:4      | Found an ancient bone altar of Kikubaaqudgha.
  2928 | D:5      | Entered Level 5 of the Dungeon
  3058 | D:5      | Found Sizisch Saymu's Jewellery Emporium.
  3078 | D:5      | Reached skill level 1 in Long Blades
  3078 | D:5      | Reached skill level 5 in Spellcasting
  3078 | D:5      | Reached skill level 6 in Air Magic
  3081 | D:5      | Reached XP level 7. HP: 41/41 MP: 9/15
  3946 | D:6      | Found a runed gate.
  4100 | D:6      | Found a hazy altar of Hepliaklqana.
  4214 | D:6      | Found Pumua's Gadget Emporium.
  4234 | D:6      | Found Karch's Food Emporium.
  4254 | D:6      | Found Vustronti's Book Emporium.
  4268 | D:6      | Reached skill level 7 in Air Magic
  4287 | D:6      | Found Lamaedei's Distillery.
  4307 | D:6      | Bought a potion of lignification for 36 gold pieces
  4307 | D:6      | Bought a potion of degeneration for 12 gold pieces
  4307 | D:6      | Bought a potion of curing for 36 gold pieces
  4313 | D:6      | Found Vudeizex's Food Boutique.
  4509 | D:6      | Found a runed gate.
  4509 | D:6      | Found a runed gate.
  4517 | D:6      | Found a runed door.
  4608 | D:6      | Found a sparkling altar of Nemelex Xobeh.
  4608 | D:6      | Found an opulent altar of Gozag.
  4659 | D:6      | Found a runed door.
  4687 | D:6      | Reached skill level 1 in Fighting
  4687 | D:6      | Reached XP level 8. HP: 32/48 MP: 5/18
  4689 | D:6      | Reached skill level 5 in Conjurations
  4697 | D:6      | Slain by a water moccasin

Skill      XL: |  1  2  3  4  5  6  7  8 |
---------------+-------------------------+-----
Air Magic      | 4 5 6 7 |  7.5
Spellcasting   | 3 4 5 6 |  6.2
Conjurations   | 2 3 4 5 |  5.1
Long Blades    | 1 |  1.9
Stealth        | 3 |  3.3
Dodging        | 3 |  3.1
Fighting       | 1 |  1.0

Action                   |  1- 3 |  4- 6 |  7- 9 || total
-------------------------+-------+-------+-------++-------
Melee: Unarmed           |     9 |       |       ||     9
       Short sword       |    91 |       |       ||    91
       Falchion          |       |     4 |     3 ||     7
 Cast: Shock             |    77 |   108 |    65 ||   250
       Repel Missiles    |       |     1 |       ||     1
       Swiftness         |       |       |     1 ||     1
  Use: Scroll            |       |     3 |       ||     3
  Eat: Fruit             |     4 |       |       ||     4
       Pizza             |     1 |       |       ||     1
       Bread ration      |       |     1 |       ||     1
       Meat ration       |       |       |     1 ||     1
Armor: Robe              |     9 |     7 |     3 ||    19
Dodge: Dodged            |    16 |    13 |    14 ||    43
       Rpst.: Falchion   |       |     4 |     5 ||     9
